Map: Acid Plant LE

Players

Elazer - Winner!

  • Race: Zerg Zerg
  • Spawn Location: 11:00

Light

  • Race: Protoss Protoss
  • Spawn Location: 5:00

Event: WCS Valencia 2018

VOD

Have the link to the VOD?

Description

Time

  • Played on: July 12, 2018, 9:37 a.m.
  • Length: 10:11

All games in this series

Show
View Real Time Build Order
Export as new Build Order

Elazer Zerg - Winner!

Build Orders: Hatch First, Roach Hydra 

Get SALT Encoding   

  12  0:00  Drone  
  13  0:12  Overlord  
  13  0:16  Drone  
  14  0:30  Drone x2  
  16  0:47  Hatchery  
  15  0:51  Drone  
  15  0:55  Drone  
  17  0:58  Drone  
  18  1:09  Extractor  
  17  1:13  Spawning Pool  
  17  1:16  Drone  
  17  1:20  Drone  
  18  1:30  Drone  
  19  1:39  Drone  
  20  1:49  Overlord  
  20  1:59  Queen x2  
  20  2:00  Zergling x4  
  26  2:11  Drone x2  
  26  2:13  Metabolic Boost  
  28  2:22  Drone x2  
  30  2:34  Drone x2  
  32  2:41  Hatchery  
  31  2:45  Queen  
  31  2:49  Overlord  
  33  2:52  Drone  
  33  2:54  Drone  
  33  2:56  Drone  
  36  3:08  Drone x3  
  36  3:09  Drone x3  
  42  3:12  Overlord  
  42  3:15  Spore Crawler  
  42  3:18  Spore Crawler  
  39  3:20  Drone  
  42  3:28  Queen  
  42  3:31  Overlord  
  42  3:32  Drone x3  
  47  3:39  Drone  
  47  3:41  Drone x2  
  49  3:47  Spore Crawler  
  49  3:50  Drone  
  49  3:51  Drone  
  49  3:53  Overlord, Spore Crawler  
  50  3:59  Drone x5  
  50  4:00  Spore Crawler  
  54  4:04  Queen  
  54  4:07  Drone  
  57  4:11  Lair  
  57  4:13  Drone  
  57  4:15  Drone  
  59  4:18  Drone x2  
  59  4:22  Extractor  
  59  4:23  Extractor  
  59  4:26  Roach Warren, Drone  
  59  4:28  Overlord  
  60  4:31  Drone  
  60  4:32  Drone  
  60  4:36  Overlord  
  60  4:38  Drone x3  
  63  4:40  Drone x2  
  66  4:48  Overlord  
  66  4:54  Overlord  
  66  4:55  Drone x3  
  66  4:56  Drone  
  66  4:57  Drone x2  
  72  5:00  Overlord  
  72  5:04  Overlord  
  72  5:07  Roach  
  72  5:08  Glial Reconstitution, Roach x3  
  72  5:11  Extractor  
  72  5:13  Extractor, Evolution Chamber  
  76  5:15  Roach x2  
  76  5:20  Drone x3  
  83  5:22  Extractor  
  83  5:25  Overlord  
  83  5:26  Drone x2  
  83  5:27  Hydralisk Den  
  84  5:28  Drone  
  84  5:29  Drone  
  84  5:31  Overlord  
  87  5:35  Roach  
  87  5:36  Roach  
  87  5:39  Roach  
  87  5:40  Roach x2  
  87  5:42  Roach  
  97  5:46  Spine Crawler, Roach  
  98  5:50  Roach x2  
  98  5:55  Queen  
  99  5:57  Zerg Missile Weapons Level 1  
  99  6:02  Overlord  
  99  6:03  Drone x2  
  95  6:06  Drone x2  
  95  6:07  Drone  
  95  6:10  Drone x3  
  95  6:12  Drone  
  96  6:18  Overlord  
  96  6:21  Drone x4  
  100  6:28  Drone x5  
  100  6:29  Drone  
  100  6:32  Muscular Augments, Spore Crawler  
  105  6:38  Overlord  
  105  6:39  Drone x2  
  107  6:46  Overlord x3, Spore Crawler  
  106  6:50  Hydralisk x2  
  108  6:58  Hydralisk x3  
  108  7:01  Hydralisk x2  
  108  7:06  Hydralisk x2  
  110  7:15  Hydralisk x4  
  102  7:20  Hydralisk x2  
  110  7:24  Hydralisk x2  
  110  7:28  Hydralisk x2  
  114  7:32  Hydralisk x2  
  114  7:37  Hydralisk x2  
  118  7:43  Hydralisk x3  
  128  7:48  Overlord  
  128  7:49  Hydralisk x2  
  132  7:52  Hydralisk  
  134  7:58  Baneling Nest  
  132  8:08  Grooved Spines  
  132  8:10  Hydralisk  
  134  8:14  Hydralisk x2  
  134  8:18  Hydralisk  
  140  8:22  Overlord  
  140  8:24  Hydralisk  
  140  8:25  Hydralisk  
  144  8:27  Hatchery  
  144  8:28  Zergling x10  
  144  8:32  Zergling x6  
  151  8:34  Zergling x4  
  153  8:41  Centrifical Hooks  
  153  8:43  Zergling x8  
  157  8:49  Baneling x9  
  157  8:51  Zergling x4  
  159  8:57  Drone x4  
  159  8:58  Drone  
  159  9:00  Drone x2  
  159  9:02  Drone  
  167  9:04  Drone x2  
  169  9:11  Overlord  
  169  9:13  Hydralisk x2  
  169  9:16  Hydralisk  
  175  9:18  Overseer  
  175  9:24  Zergling x14  
  175  9:27  Baneling x5  
  182  9:31  Zergling x6  
  182  9:33  Zergling x4  
  182  9:35  Zergling x4  
  186  9:39  Baneling x7  
  186  9:42  Zergling x4  
  186  9:49  Baneling x13  
  186  9:52  Zergling x6  
Show
View Real Time Build Order
Export as new Build Order

Light Protoss 

Build Orders: 1 Gate Expand, Phoenix Opening, Mass Phoenix 

Get SALT Encoding   

  12  0:00  Probe  
  13  0:12  Probe  
  14  0:20  Pylon  
  14  0:24  Probe  
  15  0:34  Probe  
  15  0:42  Probe  
  16  0:46  Gateway  
  17  0:51  Assimilator  
  17  0:52  Probe  
  18  1:04  Probe  
  19  1:16  Probe  
  20  1:28  Nexus  
  20  1:31  Probe  
  21  1:41  Cybernetics Core  
  21  1:44  Probe  
  22  1:51  Pylon  
  22  1:56  Assimilator  
  22  1:58  Probe  
  23  2:06  Probe  
  23  2:14  Adept  
  23  2:15  Probe  
  24  2:19  Stargate  
  27  2:26  Probe  
  27  2:29  Warp Gate  
  28  2:38  Probe  
  28  2:39  Adept  
  28  2:41  Probe  
  32  2:49  Probe  
  32  2:50  Probe  
  34  3:02  Phoenix  
  36  3:11  Gateway  
  36  3:12  Probe x2  
  38  3:24  Adept, Probe x2  
  40  3:31  Pylon  
  40  3:33  Probe  
  43  3:36  Probe  
  43  3:41  Assimilator, Probe  
  45  3:47  Phoenix  
  45  3:48  Probe  
  45  3:50  Probe  
  45  3:54  Assimilator  
  47  3:57  Gateway  
  47  3:58  Pylon  
  47  4:00  Probe  
  48  4:03  Probe  
  49  4:12  Phoenix  
  51  4:17  Nexus  
  51  4:19  Probe  
  51  4:20  Probe  
  53  4:25  Stargate  
  53  4:31  Probe  
  54  4:32  Probe  
  54  4:33  Pylon  
  55  4:40  Phoenix  
  55  4:43  Probe  
  58  4:46  Adept  
  58  4:47  Adept  
  63  4:52  Probe  
  63  4:55  Probe  
  63  4:58  Pylon, Phoenix  
  64  5:00  Pylon  
  64  5:02  Phoenix  
  64  5:05  Probe  
  65  5:12  Probe  
  68  5:16  Adept  
  68  5:18  Adept  
  68  5:20  Adept, Phoenix  
  74  5:23  Phoenix  
  78  5:39  Probe x3, Phoenix  
  81  5:43  Twilight Council  
  83  5:51  Probe x2  
  83  5:58  Phoenix  
  83  5:59  Phoenix  
  83  6:03  Charge  
  77  6:13  Probe  
  77  6:16  Phoenix  
  77  6:17  Probe x2  
  72  6:19  Phoenix  
  72  6:21  Forge  
  72  6:24  Gateway  
  72  6:25  Gateway  
  76  6:28  Gateway  
  76  6:29  Probe x2  
  76  6:30  Gateway  
  76  6:32  Probe  
  79  6:38  Zealot x2  
  83  6:43  Zealot  
  83  6:44  Phoenix  
  83  6:45  Probe x2  
  83  6:58  Zealot x2  
  82  7:03  Zealot  
  82  7:06  Phoenix  
  79  7:08  Protoss Ground Weapons Level 1  
  79  7:09  Phoenix  
  78  7:21  Probe x3  
  80  7:26  Nexus  
  80  7:33  Probe x3  
  83  7:37  Pylon  
  83  7:40  Pylon, Phoenix  
  85  7:49  Zealot x2  
  85  7:50  Zealot x3  
  95  7:56  Zealot  
  95  7:57  Zealot  
  99  8:02  Phoenix  
  99  8:05  Phoenix  
  103  8:12  Pylon  
  103  8:14  Pylon  
  103  8:16  Pylon  
  103  8:18  Pylon  
  103  8:19  Zealot x2, Pylon  
  107  8:20  Pylon  
  107  8:22  Zealot  
  107  8:26  Zealot  
  107  8:27  Zealot  
  113  8:29  Zealot  
  115  8:38  Zealot  
  117  8:44  Gateway  
  117  8:45  Gateway  
  117  8:47  Gateway  
  117  8:53  Zealot  
  117  8:54  Zealot x4  
  127  8:56  Zealot  
  129  9:09  Phoenix  
  131  9:10  Phoenix  
  131  9:11  Probe x2  
  131  9:12  Probe x2  
  131  9:14  Zealot x2  
  141  9:21  Zealot x3  
  147  9:27  Zealot x2  
  127  9:47  Zealot x10  
  81  10:07  Zealot  
  81  10:08  Zealot x9  
Tags
 
Add a new tag
Caveats
  • Supply blocks, unpowered buildings, or Contaminate may cause inaccurate times.
  • Supply counts are checked every 10 seconds.